 Dungeon Crawl Stone Soup version 0.28.0-62-gf88900778d (webtiles) character file.

Game seed: 17709448793612311884

15302 cbfl8 the Cleaver (level 12, -6/108 HPs)
             Began as a Minotaur Berserker on June 29, 2023.
             Was an Elder of Trog.
             Shot with an arrow by Nessos (13 damage)
             ... on level 12 of the Dungeon.
             The game lasted 00:14:39 (17110 turns).

cbfl8 the Cleaver (Minotaur Berserker)             Turns: 17110, Time: 00:14:39

Health: -6/108     AC: 16    Str: 22    XL:     12   Next: 0%
Magic:  20/20      EV: 12    Int:  4    God:    Trog [****..]
Gold:   1340       SH:  5    Dex: 15    Spells: 11/11 levels left

rFire   . . .      SeeInvis .   n - +3 war axe (venom)
rCold   . . .      Faith    .   (no shield)
rNeg    . . .      Spirit   .   j - +0 chain mail
rPois   .          Reflect  +   (helmet restricted)
rElec   .          Harm     .   a - +1 cloak
rCorr   .          Rampage  .   d - +0 pair of gloves
Will    ++...                   (no boots)
Stlth   ..........              p - amulet of reflection
HPRegen 1.28/turn               t - ring of magical power
MPRegen 0.17/turn               (no ring)

@: strong-willed, regenerating
A: horns 2, retaliatory headbutt
a: Renounce Religion, Berserk, Trog's Hand, Brothers in Arms


You were on level 12 of the Dungeon.
You worshipped Trog.
Trog was greatly pleased with you.
You visited 1 branch of the dungeon, and saw 12 of its levels.
You also visited: Sewer.

You collected 1811 gold pieces.
You spent 471 gold pieces at shops.

Inventory:

Hand Weapons
 n - a +3 war axe of venom (weapon)
Armour
 a - a +1 cloak (worn)
 d - a +0 pair of gloves (worn)
 j - a +0 chain mail (worn)
Jewellery
 p - an amulet of reflection (around neck)
 t - a ring of magical power (left hand)
Wands
 r - a wand of iceblast (8) (quivered)
 w - a wand of mindburst (4)
 y - a wand of polymorph (14)
 B - a wand of digging (7)
 C - a wand of flame (24)
 F - a wand of acid (4)
Scrolls
 b - 4 scrolls of fear
 c - 2 scrolls of blinking
 f - a scroll of noise
 h - a scroll of holy word
 i - 4 scrolls of teleportation
 k - a scroll of silence
 s - 2 scrolls of enchant armour
 v - 2 scrolls of magic mapping
 x - 2 scrolls of enchant weapon
 z - 2 scrolls of brand weapon {unknown}
 G - a scroll of fog
 I - a scroll of summoning {unknown}
Potions
 e - a potion of ambrosia
 g - 4 potions of curing
 l - 4 potions of haste
 m - 2 potions of berserk rage {unknown}
 o - 3 potions of attraction {unknown}
 q - 3 potions of lignification
 A - 2 potions of flight {unknown}
 D - 2 potions of might {unknown}
 H - a potion of invisibility {unknown}
Miscellaneous
 E - a piece from Xom's chessboard (15/15)


   Skills:
 * Level 10.7 Fighting
 * Level 13.3 Axes
 * Level 12.8 Armour
 * Level 7.6 Dodging
 + Level 1.4 Stealth
 * Level 5.5 Evocations


You had 11 spell levels left.
You didn't know any spells.
Your spell library was empty.

Dungeon Overview and Level Annotations

Branches:
Dungeon (12/15)            Temple (0/1) D:4            Lair (0/6) D:10
    Orc (0/2) D:11          Sewer (visited)

Altars:
Cheibriados
Elyvilon
Fedhas
Nemelex Xobeh
Ru
Sif Muna
Uskayaw
Vehumet
Wu Jian
Zin
The Shining One

Shops:
D:3 *   D:6 (*   D:11 (*((!

Annotations:
D:8 1 runed translucent door, bronco's ghost, journeyman DjFi
D:12 Nessos


Innate Abilities, Weirdness & Mutations

You have a pair of horns on your head.
You reflexively headbutt those who attack you in melee.


Message History

You are too injured to fight recklessly!
You feel very sick.
Nessos shoots an arrow.
The arrow hits you!!
* * * LOW HITPOINT WARNING * * *
The arrow burns you!
You are lethally poisoned!
* * * LOW HITPOINT WARNING * * *
Nessos gestures wildly while chanting.
Nessos blinks!
Nessos pounds the earth with their hooves.
Nessos shoots an arrow.
The arrow hits you.
* * * LOW HITPOINT WARNING * * *
The arrow burns you.
You are more poisoned.
* * * LOW HITPOINT WARNING * * *
You feel better.
Nessos shoots an arrow.
The arrow hits you.
* * * LOW HITPOINT WARNING * * *
The arrow burns you.
You are poisoned.
* * * LOW HITPOINT WARNING * * *
Nessos mumbles some strange words.
Nessos blinks!
You feel better.
Nessos casts a spell.
Nessos blinks!
Okay, then.
Your skin crawls.
You feel strong-willed.
Nessos shoots an arrow.
The arrow hits you.
* * * LOW HITPOINT WARNING * * *
The arrow burns you.
You are poisoned.
* * * LOW HITPOINT WARNING * * *
Nessos shoots an arrow.
The arrow hits you!
* * * LOW HITPOINT WARNING * * *
The arrow burns you!
You are lethally poisoned!
* * * LOW HITPOINT WARNING * * *
You feel better.
Nessos shoots an arrow.
The arrow hits you!
You die...

+.........# #.........#
##.#.#.#.##....
#.........#....
###+###.##+##.##....
#.......#...#..#.... .
#.....#.+...'.##....
....#....#..#...#..#....
.ยง.....@.##.##+##.##....
.........#.........'....
.........##.#.#.#.##....
.........#....#....#....
.c.......# .. #.........
....###### #.........
.... #......... ...
#<........ #.....(...


You could see Nessos (fast, extremely poisoned).

Vanquished Creatures
  Snorg (D:10)
  A hydra (D:11)
  Erolcha (D:10)
  A centaur warrior (D:10)
  Erica (D:9)
  A two-headed ogre (D:9)
  Pikel (D:5)
  Joseph (D:9)
  2 gargoyles
  6 trolls
  A hornet (D:9)
  Prince Ribbit (D:5)
  A shadow (D:12)
  A wraith (D:9)
  2 wyverns
  18 yaks
  A basilisk (D:10)
  2 vampire mosquitoes (D:10)
  A steam dragon (D:6)
  4 water moccasins
  2 acid dragons
  2 hornet zombies (D:5)
  4 black bears
  2 sky beasts
  An ice beast (D:6)
  2 ogres
  3 necrophages
  4 centaurs
  3 phantoms
  A lemure (D:5)
  Blork the orc (D:5)
  4 bullfrogs
  A gnoll sergeant (D:7)
  2 water moccasin zombies (D:5)
  A scorpion (D:7)
  2 jellies (D:5)
  7 killer bees
  3 wights (D:7)
  3 howler monkeys (D:10)
  A bullfrog zombie (D:6)
  5 centaur zombies
  6 hounds
  Crazy Yiuf (D:5)
  4 orc priests
  3 centaur skeletons
  Ijyb (D:4)
  Natasha (thrice) (D:3)
  8 orc wizards
  A hell rat (Sewer)
  A hound skeleton (D:4)
  2 howler monkey zombies
  A howler monkey skeleton (D:5)
  4 gnolls (D:7)
  3 river rats (Sewer)
  2 adders
  2 shadow imps
  2 white imps
  2 adder skeletons (D:4)
  4 worms
  3 dart slugs
  39 orcs
  7 endoplasms
  7 giant cockroaches
  6 goblins
  10 hobgoblins
  A quokka (D:1)
  4 ball pythons
  5 bats
  2 frilled lizards (D:1)
  4 kobolds
  8 rats
248 creatures vanquished.

Vanquished Creatures (others)
  A scorpion (D:6)
  A howler monkey (D:6)
  5 fungi
  3 plants
10 creatures vanquished.

Grand Total: 258 creatures vanquished

Notes
Turn   | Place    | Note
-------+----------+-------------------------------------------
     0 | D:1      | cbfl8 the Minotaur Berserker began the quest for the Orb.
     0 | D:1      | Reached XP level 1. HP: 19/19 MP: 0/0
    85 | D:1      | Reached XP level 2. HP: 21/27 MP: 1/1
   150 | D:1      | Reached skill level 4 in Axes
   525 | D:1      | Reached XP level 3. HP: 33/33 MP: 2/2
   532 | D:1      | Found a faded altar of an unknown god.
  1163 | D:2      | Reached ** piety under Trog
  1575 | D:3      | Found Kuolirph's Assorted Antiques.
  1579 | D:3      | Bought a scroll labelled WENOL TOGHI for 27 gold pieces
  1579 | D:3      | Bought a scroll labelled XEPNIL ASCHEN for 27 gold pieces
  1579 | D:3      | Bought a glowing puce potion for 24 gold pieces
  1579 | D:3      | Bought a viscous brown potion for 24 gold pieces
  1613 | D:3      | Noticed Natasha
  1622 | D:3      | Killed Natasha
  1623 | D:3      | Reached XP level 4. HP: 31/40 MP: 3/3
  1785 | D:3      | Noticed Natasha
  1788 | D:3      | Reached skill level 5 in Axes
  1795 | D:3      | Killed Natasha
  1796 | D:3      | Reached skill level 1 in Evocations
  2279 | D:3      | Reached XP level 5. HP: 43/47 MP: 4/4
  2744 | D:3      | Noticed Natasha
  2752 | D:3      | Killed Natasha
  2981 | D:3      | Found a glowing golden altar of the Shining One.
  3132 | D:4      | Noticed a black bear
  3138 | D:4      | Killed a black bear
  3139 | D:4      | Reached skill level 6 in Axes
  3139 | D:4      | Reached XP level 6. HP: 55/55 MP: 5/5
  3147 | D:4      | Reached skill level 5 in Fighting
  3199 | D:4      | Reached *** piety under Trog
  3206 | D:4      | Found a glowing drain.
  3221 | D:4      | Noticed Ijyb
  3233 | D:4      | Killed Ijyb
  3234 | D:4      | Reached XP level 7. HP: 59/61 MP: 6/6
  3246 | Sewer    | Entered a sewer
  3482 | Sewer    | Reached skill level 7 in Axes
  4174 | D:4      | Found a staircase to the Ecumenical Temple.
  4397 | D:5      | Entered Level 5 of the Dungeon
  4450 | D:5      | Reached skill level 5 in Armour
  5089 | D:5      | Reached skill level 8 in Axes
  5089 | D:5      | Reached XP level 8. HP: 41/70 MP: 7/7
  5556 | D:5      | Found an ornate altar of the Wu Jian Council.
  5639 | D:5      | Found a runed translucent door.
  5640 | D:5      | Noticed Crazy Yiuf
  5805 | D:5      | Noticed Prince Ribbit
  5811 | D:5      | Killed Prince Ribbit
  5873 | D:5      | Noticed Blork the orc
  5892 | D:5      | Killed Blork the orc
  5903 | D:5      | Reached skill level 9 in Axes
  6141 | D:5      | Noticed Pikel
  6176 | D:5      | Killed Pikel
  6177 | D:5      | Reached XP level 9. HP: 78/78 MP: 8/8
  6715 | D:5      | Killed Crazy Yiuf
  6919 | D:6      | Found Guttocw's Assorted Antiques.
  7024 | D:6      | Bought a scroll of teleportation for 96 gold pieces
  7035 | D:6      | Reached skill level 5 in Dodging
  7207 | D:6      | Reached skill level 10 in Axes
  7292 | D:6      | Found Exiywusm's Antique Weapon Shoppe.
  7706 | D:6      | Found a glowing silver altar of Zin.
  7941 | D:6      | Found a snail-covered altar of Cheibriados.
  8192 | D:7      | Reached **** piety under Trog
  8798 | D:7      | Reached XP level 10. HP: 76/88 MP: 9/9
  9251 | D:8      | Identified the amulet "Luling" {RegenMP rC- MP+9 Str+4
                  | SInv}
  9496 | D:8      | Reached skill level 11 in Axes
  9617 | D:8      | Noticed a gargoyle
  9635 | D:8      | Killed a gargoyle
 10737 | D:8      | Found a runed translucent door.
 10937 | D:8      | Noticed bronco's ghost (journeyman DjFi)
 11003 | D:8      | Identified the +4 trident "Cauwail" {vamp, Int+5 Dex+2}
 11151 | D:9      | Found a sparkling altar of Nemelex Xobeh.
 11173 | D:9      | Noticed Erica
 11189 | D:9      | Killed Erica
 11568 | D:9      | Found a hide-covered altar of Uskayaw.
 11615 | D:9      | Paralysed by a hornet for 2 turns
 11623 | D:9      | Reached skill level 10 in Armour
 11850 | D:9      | HP: 2/91 [yak (13)]
 12740 | D:9      | Noticed a two-headed ogre
 12755 | D:9      | Killed a two-headed ogre
 12756 | D:9      | Reached skill level 12 in Axes
 12756 | D:9      | Reached XP level 11. HP: 18/97 MP: 10/10
 13212 | D:9      | Noticed Joseph
 13227 | D:9      | Killed Joseph
 13343 | D:9      | You fall into a shaft and drop 1 floor!
 13343 | D:10     | Entered Level 10 of the Dungeon
 13690 | D:10     | Found a shimmering blue altar of Sif Muna.
 13691 | D:10     | Noticed Snorg
 13704 | D:10     | Killed Snorg
 13887 | D:9      | Found a radiant altar of Vehumet.
 13902 | D:9      | Reached skill level 5 in Evocations
 14451 | D:9      | Identified a scroll of acquirement
 14452 | D:9      | Acquired 1028 gold pieces
 14578 | D:10     | Noticed Erolcha
 14587 | D:10     | Killed Erolcha
 14588 | D:10     | Reached skill level 10 in Fighting
 14638 | D:10     | Reached skill level 1 in Stealth
 14768 | D:10     | Found a white marble altar of Elyvilon.
 14788 | D:10     | Reached skill level 13 in Axes
 15030 | D:10     | Found a sacrificial altar of Ru.
 15216 | D:10     | Found a staircase to the Lair.
 15246 | D:10     | HP: 4/151 [basilisk (14)]
 15745 | D:10     | Noticed a centaur warrior
 15757 | D:10     | Killed a centaur warrior
 16080 | D:11     | Noticed a six-headed hydra
 16092 | D:11     | Killed a 13-headed hydra
 16263 | D:11     | Found a blossoming altar of Fedhas.
 16299 | D:11     | Found Hoimij's Antique Weapon Boutique.
 16300 | D:11     | Found Nainycil's General Store.
 16307 | D:11     | Bought a potion of curing for 39 gold pieces
 16307 | D:11     | Bought a scroll of identify for 26 gold pieces
 16330 | D:11     | Found a staircase to the Orcish Mines.
 16634 | D:11     | Found Jiotif's Distillery.
 16755 | D:11     | Found Ongiar's Weapon Shop.
 16776 | D:11     | Found Duot's Antique Weapon Boutique.
 16931 | D:6      | Bought a glowing war axe for 208 gold pieces
 17044 | D:12     | Reached XP level 12. HP: 108/108 MP: 11/11
 17096 | D:12     | Noticed Nessos
 17109 | D:12     | HP: 1/108 [Nessos/arrow (7)]
 17110 | D:12     | Shot with an arrow by Nessos

Illustrated notes

Levels and vault maps discovered:
D:1:      sevenhm_arrival_forest_fort_small_5, layout_rooms,
          shapermc_ecumenical_altar_mp_vishouse
D:2:      layout_basic
D:3:      layout_loops_ring, nicolae_tso_swordbearing_angel, serial_shops,
          nicolae_shop_crystal, minmay_fountain_box, minmay_close_crescents,
          uniq_natasha
D:4:      layout_rooms, temple_doors_e, cheibrodos_sewer_entry_drain, uniq_ijyb
D:5:      layout_loops_corners, mainiacjoe_overflow_alcove_2,
          uniq_crazy_yiuf_cottage, uniq_prince_ribbit1, uniq_blork_the_orc,
          uniq_pikel
D:6:      layout_cave_pods, cheibrodos_worm_habitat,
          mainiacjoe_overflow_concentric_impassable, serial_shops,
          kennysheep_mini_moat, nicolae_stop_n_shop_2, kennysheep_generic_room_9
D:7:      layout_gridville, st_stairs_11, minmay_misc_feat_ornament
D:8:      layout_layer_cave, ebering_ghost_funeral_grove, lemuel_old_faithful
D:9:      layout_gridville, nemelex_xobeh_ov_fountains_minmay,
          amcnicky_altar_gilded, mainiacjoe_overflow_six_doors_small,
          minivault_16, uniq_joseph, uniq_erica
D:10:     layout_irregular_city, mainiacjoe_overflow_large_starburst,
          led_sif_book, david_lair_generic, uniq_erolcha, uniq_snorg
D:11:     layout_cave_pools, orc_0_dummy, serial_shops,
          nicolae_shop_behind_doors, shop, nicolae_shop_trees,
          nicolae_shop_crystal, nicolae_shop_window_shopping,
          fedhas_altar_fruit_tree
D:12:     layout_grid_maze, minmay_misc_feat_doors, uniq_nergalle, uniq_nessos

Skill      XL: |  1  2  3  4  5  6  7  8  9 10 11 |
---------------+----------------------------------+-----
Axes           | 4 5 6 8 9 10 12 13 | 13.3
Fighting       | 4 5 6 8 9 10 | 10.7
Armour         | 3 4 5 7 8 11 12 | 12.8
Evocations     | 1 2 3 4 5 |  5.5
Dodging        | 3 4 6 7 |  7.6
Stealth        | 1 |  1.4

Action                   |  1- 3 |  4- 6 |  7- 9 | 10-12 || total
-------------------------+-------+-------+-------+-------++-------
Melee: Hand axe          |    77 |   120 |   355 |   446 ||   998
       Headbutt          |    12 |    23 |    83 |   121 ||   239
       Punch             |       |       |     4 |    11 ||    15
       War axe           |       |       |       |    14 ||    14
Invok: Berserk           |       |     2 |     7 |     8 ||    17
       Trog's Hand       |       |       |       |     2 ||     2
Evoke: Wand              |       |       |       |     1 ||     1
  Use: Scroll            |    10 |       |     7 |     5 ||    22
       Potion            |       |       |       |     6 ||     6
 Stab: Sleeping          |     1 |       |       |       ||     1
Armor: Animal skin       |    18 |       |       |       ||    18
       Chain mail        |     5 |    67 |   143 |   250 ||   465
Dodge: Dodged            |    37 |    41 |   136 |   211 ||   425
Block: Other             |       |       |    63 |    88 ||   151
       Reflection        |       |       |     2 |     4 ||     6
